 Dungeon Crawl Stone Soup version 0.20-a0-949-g916514f (webtiles) character file.

166 Murumi the Covered (level 5, -1/42 HPs)
             Began as a Formicid Fighter on Apr 4, 2017.
             Killed by divine providence
             ... invoked by an orc priest
              (15 damage)
             ... on level 3 of the Dungeon.
             The game lasted 00:06:29 (2071 turns).

Murumi the Covered (Formicid Fighter)               Turns: 2071, Time: 00:06:30

Health: -1/42      AC:  8    Str: 22    XL:     5   Next: 76%
Magic:  5/5        EV:  9    Int:  7    God:
Gold:   186        SH:  9    Dex: 10    Spells: 4/4 levels left

rFire    . . .     SeeInvis +   a - +0 long sword
rCold    . . .     Gourm    .   c - +0 shield
rNeg     . . .     Faith    .   b - +0 scale mail
rPois    .         Spirit   .   (helmet unavailable)
rElec    .         Reflect  .   (no cloak)
rCorr    .         Harm     .   k - +0 pair of gloves
MR       .....                  (no boots)
Stlth    ..........             (no amulet)
Regen    0.2/turn               (no ring)
MPRegen  0.1/turn               (no ring)

@: no status effects
A: permanent stasis, dig shafts and tunnels, four strong arms, antennae 3
a: Dig, Shaft Self


You were on level 3 of the Dungeon.
You were very hungry.

You visited 1 branch of the dungeon, and saw 3 of its levels.

You collected 186 gold pieces.

Inventory:

Hand Weapons
 a - a +0 long sword (weapon)
Armour
 b - a +0 scale mail (worn)
 c - a +0 shield (worn)
 k - a +0 pair of gloves (worn)
Scrolls
 o - a scroll of remove curse
Potions
 d - 2 potions of might
 e - 3 potions of flight
 j - 2 potions of cancellation
 l - a potion of heal wounds {unknown}
 m - a potion of agility {unknown}
Comestibles
 f - 3 bread rations
 g - 2 royal jellies
 h - 3 meat rations
 i - 4 fruits


   Skills:
 - Level 4.0 Fighting
 - Level 3.3 Long Blades
 + Level 4.3 Armour
 - Level 2.0 Dodging
 - Level 4.0 Shields


You had 4 spell levels left.
You didn't know any spells.

Dungeon Overview and Level Annotations

Branches:
Dungeon (3/15)

Altars:


Innate Abilities, Weirdness & Mutations

You cannot be hasted, slowed, berserked, paralysed or teleported.
You can dig through walls and to a lower floor.
Your four strong arms can wield two-handed weapons with a shield.
You have a pair of large antennae on your head. (SInv)


Message History

The orc priest is heavily wounded.
The orc priest hits you but does no damage.
Press: ? - help, v - describe, . - travel, g - get item
Here: an orc priest (heavily wounded)
A dagger.
There is something else lying underneath.
The floor, spattered with blood.
You closely miss the orc priest.
The orc priest is heavily wounded.
The orc priest looks encouraged for a moment.
The orc priest hits you.
You closely miss the orc priest.
The orc priest is heavily wounded.
You block the orc priest's attack.
You hit the orc priest.
The orc priest is almost dead.
The orc priest barely misses you.
The orc priest mumbles some strange prayers to Beogh against you.
Beogh smites you!
You die...

#.. ####.#.#.. ...
..#.#.#.. ..##.#.#.#.#
###..#.#.#.#.###
{.....#...#.#.#@##
....#...#.#.##o#
..###....(#.#.#.#####...
..........'..........>..
#.##....#..####.......
#.##.##.#..# .......
#.##.##.#..# ....o..
#.##..#.#..# ....o..
#<......#..# ......o


You could see an orc priest.

Vanquished Creatures
  An orc wizard (D:3)
  Natasha (thrice) (D:2)
  A gnoll (D:2)
  A worm (D:2)
  A dart slug (D:2)
  A leopard gecko (D:1)
  3 orcs (D:3)
  7 bats
  A giant cockroach (D:1)
  6 goblins
  6 hobgoblins
  2 frilled lizards
  5 kobolds
  9 rats
47 creatures vanquished.

Notes
Turn   | Place    | Note
-------+----------+-------------------------------------------
     0 | D:1      | Murumi the Formicid Fighter began the quest for the Orb.
     0 | D:1      | Reached XP level 1. HP: 18/18 MP: 1/1
   142 | D:1      | Reached skill level 1 in Dodging
   343 | D:1      | Reached XP level 2. HP: 24/24 MP: 2/2
  1015 | D:2      | Reached XP level 3. HP: 28/29 MP: 3/3
  1365 | D:2      | Reached XP level 4. HP: 35/35 MP: 4/4
  1367 | D:2      | Noticed Natasha
  1378 | D:2      | Killed Natasha
  1754 | D:2      | Noticed Natasha
  1766 | D:2      | Killed Natasha
  1766 | D:2      | Reached XP level 5. HP: 42/42 MP: 5/5
  1848 | D:2      | Noticed Natasha
  1855 | D:2      | Killed Natasha
  2071 | D:3      | Killed from afar by an orc priest

Vault maps used:
D:1:      sevenhm_arrival_forest_fort_small_3, amethyst_killhole,
          serial_bayou_lagoon_a
D:2:      minmay_pentomino_x4, uniq_natasha

Skill      XL: |  1  2  3  4  5 |
---------------+----------------+-----
Dodging        | 1 2 |  2.0
Shields        | 4 |  4.0
Long Blades    | 3 |  3.3
Fighting       | 4 |  4.0
Armour         | 4 |  4.3

Action                   |  1- 3 |  4- 6 || total
-------------------------+-------+-------++-------
Melee: Long sword        |   103 |    78 ||   181
 Abil: Dig               |       |     1 ||     1
  Use: Scroll            |     6 |     2 ||     8
  Eat: Chunk             |     1 |     2 ||     3
Armor: Scale mail        |    54 |    32 ||    86
Dodge: Dodged            |    37 |    21 ||    58
Block: Shield            |    66 |    37 ||   103
       Rpst.: Long sword |    15 |     7 ||    22
